 Dungeon Sprint DCSS version 0.27.1 (webtiles) character file.

Game seed: 18138230121916190098

257 styxcanada the Covert (level 5, -6/28 HPs)
             Began as a Spriggan Brigand on Aug 31, 2021.
             Was an Initiate of Gozag.
             Mangled by a spriggan (16 damage)
             ... in the Dungeon (Sprint IV: "Fedhas' Mad Dash").
             The game lasted 00:01:50 (151 turns).

styxcanada the Covert (Spriggan Brigand)             Turns: 151, Time: 00:01:51

Health: -6/28      AC:  3    Str:  7    XL:     5   Next: 93%
Magic:  5/6        EV: 20    Int: 13    God:    Gozag
Gold:   185        SH:  0    Dex: 17    Spells: 4/4 levels left

rFire    . . .     SeeInvis +   a - +2 dagger
rCold    . . .     Faith    .   (shield restricted)
rNeg     . . .     Spirit   .   b - +0 robe
rPois    .         Reflect  .   (helmet restricted)
rElec    .         Harm     .   c - +0 cloak
rCorr    .         Rampage  .   (gloves unavailable)
Will     .....     NoTele   +   (boots unavailable)
Stlth    ++++++....             l - amulet of invisibility {+Inv}
HPRegen  0.09/turn              (no ring)
MPRegen  0.10/turn              (no ring)

@: gold aura, very slightly contaminated, invisible (expiring), very quick
A: very small, no large weapons, unfitting armour, see invisible, speed 3
a: Renounce Religion, Evoke Invisibility, Potion Petition, Call Merchant, Bribe
Branch


You were in the Dungeon.
You worshipped Gozag.
Gozag was aware of your devotion.
You visited 1 branch You collected 185 gold pieces.

Inventory:

Hand Weapons
 a - a +2 dagger (weapon)
Missiles
 d - 7 poisoned darts (quivered)
 e - 2 curare-tipped darts
Armour
 b - a +0 robe (worn)
 c - a +0 cloak (worn)
Jewellery
 l - the amulet of invisibility (around neck) {+Inv}
   (You found it in the Dungeon)

   [amulet of nothing]

   +Inv:      It lets you turn invisible.
Scrolls
 k - a scroll of blinking
Potions
 f - a potion of curing
 g - a potion of heal wounds
 h - a potion of haste
 i - 2 potions of magic
 j - a potion of berserk rage


   Skills:
 * Level 3.6 Fighting
 + Level 3.8 Short Blades
 + Level 3.4 Throwing
 * Level 5.7 Dodging
 * Level 14.9 Stealth
 * Level 3.5 Evocations


You had 4 spell levels left.
You didn't know any spells.
Your spell library was empty.

Dungeon Overview and Level Annotations

Branches:
Dungeon (1/1)

Altars:
Cheibriados
Dithmenos
Elyvilon
Gozag
Hepliaklqana
Kikubaaqudgha
Makhleb
Nemelex Xobeh
Okawaru
Qazlal
Ru
Sif Muna
Trog
Uskayaw
Vehumet
Wu Jian
Xom
Yredelemnul
Zin
The Shining One
Beogh
Jiyva
Lugonu


Innate Abilities, Weirdness & Mutations

You are very small and have problems with some larger weapons.
You are too small for most types of armour.
You have supernaturally acute eyesight. (SInv)
You cover ground extremely quickly. (Speed+++)


Message History

A scorpion comes into view.
Found 29 gold pieces.
There is an open door here.
You see here 14 gold pieces.
The helpless spriggan fails to defend itself.
You stick the spriggan like a pincushion!!!
You kill the spriggan!
The scorpion misses you.
Your Stealth skill increases to level 14!
Your Evocations skill increases to level 3!
You closely miss the scorpion.
The spriggan hits you with a +0 short sword.
The scorpion barely misses you.
Unknown command.
You strike the helpless scorpion from behind!
You stick the scorpion like a pincushion!!!
You kill the scorpion!
The spriggan misses you.
You barely miss the spriggan. The spriggan completely misses you.
Unknown command.
You flicker for a moment.
There is an open door here.
The spriggan is distracted by your dazzling golden aura.
You see here a +0 robe.
Throw: 8 darts (poison)
Press: ? - help, Q - select action, (/) - cycle Shift-Dir - straight line, f - spriggan
Aim: a spriggan, wielding a +0 short sword, wearing a +0 robe and wearing a +0 buckler (unaware, hasn't noticed you, 34% to hit)
You throw a poisoned dart. The poisoned dart misses the spriggan.
The spriggan shouts!
There is an open door here.
The spriggan is no longer distracted by gold.
The spriggan hits you with a +0 short sword!
You see here 14 gold pieces.
You closely miss the spriggan. You hit the spriggan.
The spriggan is moderately wounded.
The spriggan hits you with a +0 short sword!
Ouch! That really hurt!
You die...
Your body crumbles into a pile of gold.

####################
⌠._._._._.⌠.#.['@i(#
._._._._._..'..#$$$#
.._._._._...#..###+#
$$ ._._._._._..#.$#
$ _._._._._.⌠.####
############# $ $ $


You could see a spriggan.

Vanquished Creatures
  2 scorpions (D)
  3 oklob saplings (D)
  A spriggan (D)
  A river rat (D)
  A rat (D)
8 creatures vanquished.

Notes
Turn   | Place    | Note
-------+----------+-------------------------------------------
     0 | D        | styxcanada the Spriggan Brigand began the quest for the
                  | Orb.
     0 | D        | Reached XP level 1. HP: 10/10 MP: 2/2
    15 | D        | Reached skill level 7 in Stealth
    15 | D        | Reached XP level 2. HP: 15/15 MP: 3/3
    18 | D        | Reached skill level 8 in Stealth
    32 | D        | Noticed an oklob sapling
    34 | D        | Killed an oklob sapling
    35 | D        | Reached skill level 9 in Stealth
    35 | D        | Reached XP level 3. HP: 18/18 MP: 4/4
    36 | D        | Noticed a scorpion
    36 | D        | Found the amulet of invisibility {+Inv}
    41 | D        | Killed a scorpion
    42 | D        | Reached skill level 12 in Stealth
    42 | D        | Reached XP level 4. HP: 23/23 MP: 5/5
    66 | D        | Found an opulent altar of Gozag.
    66 | D        | Found a hazy altar of Hepliaklqana.
    66 | D        | Found a burning altar of Makhleb.
    66 | D        | Found a sparkling altar of Nemelex Xobeh.
    66 | D        | Found a snail-covered altar of Cheibriados.
    66 | D        | Found a sacrificial altar of Ru.
    66 | D        | Found a shimmering blue altar of Sif Muna.
    66 | D        | Found a shimmering altar of Xom.
    66 | D        | Found a basalt altar of Yredelemnul.
    67 | D        | Found a viscous altar of Jiyva.
    67 | D        | Found a bloodstained altar of Trog.
    67 | D        | Found an ornate altar of the Wu Jian Council.
    68 | D        | Found an iron altar of Okawaru.
    68 | D        | Found a shadowy altar of Dithmenos.
    68 | D        | Found a glowing silver altar of Zin.
    69 | D        | Found an ancient bone altar of Kikubaaqudgha.
    69 | D        | Found a hide-covered altar of Uskayaw.
    70 | D        | Found a stormy altar of Qazlal.
    70 | D        | Found a white marble altar of Elyvilon.
    70 | D        | Found a glowing golden altar of the Shining One.
    71 | D        | Became a worshipper of Gozag Ym Sagoz the Greedy
    72 | D        | Found a corrupted altar of Lugonu.
    72 | D        | Found a radiant altar of Vehumet.
    76 | D        | Reached skill level 13 in Stealth
    76 | D        | Reached XP level 5. HP: 28/28 MP: 3/6
   136 | D        | Reached skill level 5 in Dodging
   142 | D        | Reached skill level 14 in Stealth
   151 | D        | Mangled by a spriggan

Illustrated notes

Levels and vault maps discovered:
D:        dungeon_sprint_fedhas [sprint_temple]

Skill      XL: |  1  2  3  4  5 |
---------------+----------------+-----
Dodging        | 2 3 4 5 |  5.7
Stealth        | 7 9 12 13 14 | 14.9
Fighting       | 2 3 |  3.6
Short Blades   | 3 |  3.8
Throwing       | 3 |  3.4
Evocations     | 2 3 |  3.5

Action                   |  1- 3 |  4- 6 || total
-------------------------+-------+-------++-------
Melee: Dagger            |     7 |     9 ||    16
Throw: Dart              |     6 |     1 ||     7
 Abil: Evoke Invisibilit |       |     2 ||     2
 Stab: Sleeping          |     2 |     2 ||     4
       Invisible         |       |     2 ||     2
Armor: Robe              |     1 |       ||     1
Dodge: Dodged            |     4 |     4 ||     8
